 Dungeon Crawl Stone Soup version 0.31.0-32-g396128a36d (webtiles) character file.

Game seed: 6012941550113487174

4732 KittyFluff the Grappler (level 10, -14/98 HPs)
             Began as a Troll Shapeshifter on Apr 3, 2024.
             Was an Elder of Trog.
             Demolished by a black draconian knight
             ... wielding a +0 great sword
              (25 damage)
             ... on level 1 of the Abyss.
             The game lasted 00:33:01 (6432 turns).

KittyFluff the Grappler (Troll Shapeshifter)        Turns: 6432, Time: 00:33:02

Health: -14/98     AC:  4    Str: 38    XL:     10   Next: 22%
Magic:  9/9        EV: 11    Int:  6    God:    Trog [****..]
Gold:   577        SH:  5    Dex: 11    Spells: 9/9 levels left

rFire   + .          .
                       - Unarmed
rCold   . . .        (no shield)
rNeg    . . .        W - +0 robe {rF+}
rPois   .            (helmet currently unavailable)
rElec   .            (cloak currently unavailable)
rCorr   .            (gloves unavailable)
SInv    .            (boots unavailable)
Will    .....        m - amulet of reflection
Stlth   +            F - +6 ring of strength
HPRegen 1.16/turn    a - +6 ring of strength
MPRegen 0.11/turn

%: reflection
@: about to teleport, beast-form
A: beast (slay +4), large, unfitting armour, claws 3, regeneration 1, shaggy fur
1, tough skin 1
a: Begin Untransformation, Renounce Religion, Berserk, Trog's Hand, Brothers in
Arms


You were on level 1 of the Abyss.
You worshipped Trog.
Trog was greatly pleased with you.
You were a hulking beast.
You visited 1 branch of the dungeon, and saw 9 of its levels.
You visited the Abyss 1 time.
You also visited: Sewer.

You collected 577 gold pieces.

Inventory:

Hand Weapons
 u - a +0 sling
 H - a +5 flail of pain
 I - the +7 dagger of Insufficient Pleasure {flame, rPois rCorr Int-4 Dex+4}
   (You found it on level 5 of the Dungeon)

   Int-4:     It affects your intelligence (-4).
   Dex+4:     It affects your dexterity (+4).
   rPois:     It protects you from poison rCorr: It protects you from acid and
   corrosion.
 J - a +0 quarterstaff
 N - a +0 orcbow
 P - a +1 whip of freezing
 R - a +1 spear of freezing
 V - a +1 whip of flaming
Missiles
 f - 66 stones
 i - a throwing net
 x - 11 boomerangs
 z - 13 poisoned darts (quivered)
 S - 4 curare-tipped darts
Armour
 W - a +0 robe of fire resistance (worn)
 X - a +0 cloak
Jewellery
 a - a +6 ring of strength (right claw)
 m - an amulet of reflection (around neck)
 F - a +6 ring of strength (left claw)
 L - an amulet of the acrobat
 U - a ring of protection from cold
Talismans
 c - a beast talisman
 d - a flux talisman
 q - a serpent talisman
Wands
 h - a wand of mindburst (2)
 y - a wand of flame (28)
 O - a wand of quicksilver (11)
Scrolls
 e - 2 scrolls of brand weapon
 g - a scroll of immolation {unknown}
 n - 2 scrolls of teleportation
 s - a scroll of poison {unknown}
 t - 4 scrolls of noise
 v - 4 scrolls of vulnerability
 A - a scroll of fear {unknown}
 B - a scroll of enchant weapon {unknown}
 C - 2 scrolls of fog
 D - a scroll of silence
 E - 3 scrolls of amnesia {unknown}
 Q - 3 scrolls of revelation {unknown}
Potions
 b - a potion of lignification
 j - 5 potions of enlightenment
 k - 2 potions of heal wounds
 l - 4 potions of curing {unknown}
 o - 2 potions of might {unknown}
 p - a potion of mutation {unknown}
 r - a potion of attraction {unknown}
 w - a potion of brilliance {unknown}
 G - a potion of berserk rage {unknown}
 K - a potion of haste {unknown}
 M - 2 potions of resistance {unknown}


   Skills:
 + Level 6.2 Fighting
 + Level 6.5 Dodging
 + Level 8.2 Unarmed Combat
 + Level 7.5 Shapeshifting


You had 9 spell levels left.
You didn't know any spells.
Your spell library was empty.

Dungeon Overview and Level Annotations

Branches:
Dungeon (9/15)             Temple (0/1) D:4           Sewer (visited)
   Lair: D:8-11         Orc: D:9-12

Altars:
Cheibriados
Gozag
Okawaru
Trog
The Shining One

Shops:
D:7 ([*=:*

Annotations:
D:9 Psyche


Innate Abilities, Weirdness & Mutations

You are a hulking beast.
Your limbs bulge with bestial killing power. (Slay +4)
You are too large for most types of armour.
You have claws for hands.
Your natural rate of healing is unusually fast.
You are covered in fur. (AC +1)
You have tough skin. (AC +1)


Message History

You block the fire bat's attack.
You closely miss the fire bat.
The fire bat bites you but does no damage.
A starcursed mass splits. x2
You scratch the starcursed mass.
The starcursed mass is heavily damaged.
The starcursed mass shudders and is absorbed by its neighbour.
You block the fire bat's attack.
A starcursed mass splits.
A deafening chorus of shrieks assaults your mind!
* * * LOW HITPOINT WARNING * * *
You barely miss the fire bat. The fire bat misses you.
A starcursed mass splits. x2
You feel much better. The fire bat bites you.
You are engulfed in flames.
You resist. The fire bat closely misses you.
You claw the fire bat!
The fire bat is heavily wounded.
You block the fire bat's attack.
You closely miss the fire bat. You claw the fire bat!
You kill the fire bat!
Trog accepts your kill.
A starcursed mass splits.
You closely miss the hell hound. You block the hell hound's attack.
You scratch the starcursed mass but do no damage.
The starcursed mass is lightly damaged.
A starcursed mass splits.
You scratch the starcursed mass. You claw the starcursed mass.
The starcursed mass is moderately damaged.
The starcursed mass shudders and is absorbed by its neighbour.
A starcursed mass splits.
A starcursed mass splits.
You hear some strange, mumbled words.
A shard of ice appears from out of thin air!
The shard of ice hits you!!
* * * LOW HITPOINT WARNING * * *
You feel much better. Something hits you!
* * * LOW HITPOINT WARNING * * *
A cacophony of accursed wailing tears at your sanity!
* * * LOW HITPOINT WARNING * * *
You miss something. Something hits you!!
You die...

.. #.### .
#.#.#.... .
.. #.##X..
...#..
#..#.#X #
##. .
.###XX{##..
. # ..


XXX#h . .....##XhX# . .#. # .#{## #...###h# ##.# ### ## You could see 8
starcursed masses and a hell hound.

Vanquished Creatures
  A two-headed ogre (D:8)
  An ancient zyme (Abyss:1)
  2 fire bats (Abyss:1)
  2 steam dragons (D:7)
  A vampire mosquito (D:8)
  An acid dragon (D:7)
  Edmund (D:4)
  A water moccasin (D:8)
  2 ice beasts
  2 orc warriors
  3 sky beasts
  3 ogres
  3 centaurs
  2 kobold brigands (D:8)
  2 bullfrogs
  3 scorpions
  4 wights (D:7)
  2 bombardier beetles
  5 hounds
  2 jellies
  3 orc priests
  3 gnoll boudas
  2 sleepcaps
  Jessica (D:2)
  2 iguanas
  7 orc wizards
  6 gnolls
  12 adders
  4 river rats
  2 shadow imps
  2 white imps
  2 ufetubi (D:6)
  4 dart slugs
  8 ribbon worms
  24 orcs
  7 bats
  8 endoplasms
  8 giant cockroaches
  5 goblins
  10 hobgoblins
  9 jackals
  8 kobolds
  2 quokkas (Sewer)
  9 ball pythons
  2 frilled lizards
  5 rats
198 creatures vanquished.

Notes
Turn   | Place    | Note
-------+----------+-------------------------------------------
     0 | D:1      | KittyFluff the Troll Shapeshifter began the quest for the
                  | Orb.
     0 | D:1      | Reached XP level 1. HP: 18/18 MP: 0/0
    44 | D:1      | Reached skill level 1 in Fighting
    64 | D:1      | Reached XP level 2. HP: 27/27 MP: 1/1
   145 | D:1      | Found a faded altar of an unknown god.
   514 | D:1      | Reached XP level 3. HP: 33/33 MP: 2/2
  1145 | D:2      | Noticed Jessica
  1151 | D:2      | Killed Jessica
  1152 | D:2      | Reached XP level 4. HP: 39/41 MP: 3/3
  1729 | D:3      | Found a bloodstained altar of Trog.
  1731 | D:3      | Found an iron altar of Okawaru.
  1732 | D:3      | Found an opulent altar of Gozag.
  1736 | D:3      | Found a glowing golden altar of the Shining One.
  1745 | D:3      | Became a worshipper of Trog the Wrathful
  1940 | D:3      | Reached XP level 5. HP: 29/49 MP: 4/4
  1997 | D:3      | Found a glowing drain.
  2002 | Sewer    | Entered a sewer
  2210 | Sewer    | Reached * piety under Trog
  2211 | Sewer    | Reached skill level 4 in Unarmed Combat
  2676 | D:4      | Noticed an ogre
  2682 | D:4      | Killed an ogre
  2683 | D:4      | Reached XP level 6. HP: 59/59 MP: 5/5
  2935 | D:4      | Found a staircase to the Ecumenical Temple.
  2971 | D:4      | Noticed an orc warrior
  2989 | D:4      | Killed an orc warrior
  3144 | D:4      | Reached XP level 7. HP: 54/67 MP: 6/6
  3162 | D:4      | Noticed Edmund
  3169 | D:4      | Killed Edmund
  3170 | D:4      | Reached skill level 5 in Unarmed Combat
  3729 | D:5      | Entered Level 5 of the Dungeon
  3922 | D:5      | Reached ** piety under Trog
  3933 | D:5      | Reached skill level 5 in Shapeshifting
  3953 | D:5      | Identified the +7 dagger of Insufficient Pleasure {flame,
                  | rPois rCorr Int-4 Dex+4}
  3981 | D:5      | Reached XP level 8. HP: 75/78 MP: 7/7
  4427 | D:6      | Reached skill level 6 in Unarmed Combat
  4878 | D:6      | Reached skill level 5 in Dodging
  5016 | D:7      | Found Zirchodgh's Gadget Gallery.
  5123 | D:7      | Reached *** piety under Trog
  5124 | D:7      | Reached XP level 9. HP: 66/87 MP: 8/8
  5133 | D:7      | Reached skill level 5 in Fighting
  5222 | D:7      | Found Kucojoapp's Book Emporium.
  5267 | D:7      | Found Biziask's Jewellery Boutique.
  5278 | D:7      | Found Jukhe's Antique Armour Boutique.
  5278 | D:7      | Found Ocaigeh's Weapon Boutique.
  5278 | D:7      | Found Plog's Assorted Antiques.
  5316 | D:7      | Reached skill level 7 in Unarmed Combat
  6047 | D:8      | Noticed a two-headed ogre
  6052 | D:8      | Reached **** piety under Trog
  6061 | D:8      | Killed a two-headed ogre
  6062 | D:8      | Reached skill level 8 in Unarmed Combat
  6062 | D:8      | Reached XP level 10. HP: 66/98 MP: 9/9
  6223 | D:8      | Found a snail-covered altar of Cheibriados.
  6275 | D:9      | Noticed Psyche
  6286 | Abyss:1  | Cast into level 1 of the Abyss (Psyche)
  6392 | Abyss:1  | Noticed a black draconian knight
  6409 | Abyss:1  | Noticed a starcursed mass
  6416 | Abyss:1  | Noticed a starcursed mass
  6432 | Abyss:1  | Demolished by a black draconian knight

Illustrated notes

Levels and vault maps discovered:
D:1:      eino_arrival_cavern_b, layout_basic, basic_ecumenical_altar,
          st_stairs_10
D:2:      layout_loops_ring, minmay_misc_feat_hallway, uniq_jessica
D:3:      layout_rooms, grunt_temple_overflow_open, lightli_sewer_entry_pipes
D:4:      layout_basic, minmay_temple_entry_gardened_gates,
          minmay_large_rounded_square, uniq_edmund
D:5:      layout_basic
D:6:      layout_rooms, kennysheep_pointless_box
D:7:      layout_cave_pools, serial_shops, shop, minmay_shop_grid_forest,
          nicolae_shop_gadgets
D:8:      cheibrodos_barr_body, layout_basic, slow_altar_2
D:9:      lemuel_insect_pit, layout_rooms, gammafunk_temple_overflow_statue,
          serial_corexii_hall, corexii_hall_statues_deadend,
          corexii_hall_statues_u, chequers_hall_statues_corner_a,
          corexii_hall_statues_x, uniq_psyche, uniq_harold, uniq_maurice
Abyss:1:  base: Temple, gammafunk_corrupted_shrine

Skill      XL: |  1  2  3  4  5  6  7  8  9 |
---------------+----------------------------+-----
Fighting       | 1 2 3 4 6 |  6.2
Dodging        | 2 3 4 5 6 |  6.5
Unarmed Combat | 4 5 6 8 |  8.2
Shapeshifting  | 4 5 6 7 |  7.5

Action                     |  1- 3 |  4- 6 |  7- 9 | 10-12 || total
---------------------------+-------+-------+-------+-------++-------
  Melee: Unarmed           |    72 |   156 |   227 |    20 ||   475
         Punch             |     2 |     3 |    10 |     5 ||    20
  Throw: Stone             |       |     4 |    10 |       ||    14
         Dart              |       |       |       |     7 ||     7
    Use: Scroll            |       |       |     6 |     1 ||     7
         Potion            |       |       |       |     2 ||     2
   Stab: Sleeping          |       |     1 |       |       ||     1
 Armour: Animal skin       |    39 |   101 |   128 |       ||   268
         Robe              |       |       |    15 |    23 ||    38
         Skin              |       |       |       |     2 ||     2
  Dodge: Dodged            |    29 |    77 |    90 |    18 ||   214
  Block: Other             |       |       |    27 |     8 ||    35
         Reflection        |       |       |     4 |       ||     4
